 Dungeon Crawl Stone Soup version 0.30-a0-359-gd0147acb1a (webtiles) character file.

Game seed: 16449294917442392939

2149 oldmanjim the Trooper (level 9, -4/68 HPs)
             Began as a Djinni Earth Elementalist on Nov 12, 2022.
             Slain by a killer bee (8 damage)
             ... on level 5 of the Dungeon.
             The game lasted 00:32:48 (6041 turns).

oldmanjim the Trooper (Djinni Earth Elementalist)   Turns: 6041, Time: 00:32:48

Health: -4/68      AC:  2    Str:  7    XL:     9   Next: 56%
Gold:   250        EV: 15    Int: 19    God:
                   SH:  0    Dex: 16

rFire   + + .      SeeInvis .    b - +0 sling
rCold   x . .      Faith    .    (no shield)
rNeg    . . .      Spirit   .    a - +0 robe
rPois   ∞          Reflect  .    (no helmet)
rElec   .          Harm     .    (no cloak)
rCorr   .          Rampage  .    (no gloves)
Will    .....                    (boots unavailable)
Stlth   ++........               v - amulet of the acrobat
HPRegen 0.31/turn                (no ring)
MPRegen 0.00/turn                (no ring)

@: mighty, flying
A: sickness immunity, fire resistance 2, cold vulnerability 1, float, innate
caster, HP casting, extra vitality 1
a: no special abilities


You were on level 5 of the Dungeon.
You visited 1 branch of the dungeon, and saw 5 of its levels.
You also visited: Ossuary.

You collected 250 gold pieces.

Inventory:

Hand Weapons
 b - a +0 sling (weapon)
 i - a +0 dagger
Missiles
 c - 36 stones
 j - 16 poisoned darts (quivered)
 n - 2 boomerangs
Armour
 a - a +0 robe (worn)
 s - a +0 tower shield
 y - a +0 leather armour of positive energy
Jewellery
 v - an amulet of the acrobat (around neck)
Wands
 x - a wand of polymorph (9)
Scrolls
 e - 2 scrolls of torment {unknown}
 f - 3 scrolls of teleportation {unknown}
 g - 2 scrolls of vulnerability {unknown}
 k - 5 scrolls of fog {unknown}
 m - a scroll of amnesia {unknown}
 q - a scroll of magic mapping {unknown}
 r - a scroll of poison {unknown}
 w - a scroll of brand weapon {unknown}
 z - a scroll of blinking {unknown}
 A - a scroll of noise {unknown}
 E - 2 scrolls of immolation
Potions
 d - a potion of curing
 h - 4 potions of haste
 l - 2 potions of flight
 o - 4 potions of mutation
 t - a potion of lignification
 u - a potion of berserk rage
 B - 3 potions of attraction
 C - a potion of degeneration {unknown}
 D - 2 potions of might
 F - a potion of cancellation {unknown}


   Skills:
 + Level 7.1 Fighting
 + Level 7.1 Dodging
 - Level 1.5 Stealth
 + Level 6.1 Spellcasting


You had one spell level left.
You knew the following spells:

 Your Spells              Type           Power      Damage    Failure   Level
a - Sandblast             Erth           56%        2d13      1%          1
b - Passwall              Tmut/Erth      23%        N/A       1%          2
c - Stone Arrow           Conj/Erth      56%        3d10      2%          3
d - Petrify               Tmut/Erth      28%        N/A       9%          4
e - Magic Dart            Conj           100%       1d8       1%          1
f - Ensorcelled Hibernat  Hex/Ice        56%        N/A       1%          2
g - Inner Flame           Hex/Fire       28%        N/A       2%          3
h - Ignite Poison         Fire/Tmut/Pois 28%        N/A       2%          3
Your spell library was empty.

Dungeon Overview and Level Annotations

Branches:
Dungeon (5/15)            Ossuary (visited)
 Temple: D:4-7

Altars:
Okawaru
Trog

Annotations:
D:3 Natasha


Innate Abilities, Weirdness & Mutations

You are immune to sickness and miasma.
You are immune to poison.
Your flesh is very heat resistant. (rF++)
You are vulnerable to cold. (rC-)
You float through the air rather than walking.
You learn spells naturally, not from books.
Your magical power is your life essence.
You have superior vitality. (+4 MHP)


Message History

Attack!
The killer bee closely misses your killer bee.
Your killer bee stings the killer bee!
The killer bee closely misses your killer bee.
Your killer bee misses the killer bee.
The killer bee misses your killer bee.
The killer bee closely misses your killer bee.
The killer bee barely misses your killer bee.
Your killer bee completely misses the killer bee.
The killer bee closely misses your killer bee.
Your killer bee barely misses the killer bee.
The killer bee stings your killer bee. The killer bee misses your killer bee.
The killer bee misses your killer bee.
Your killer bee misses the killer bee.
The killer bee stings your killer bee.
Your killer bee is poisoned.
The killer bee poisons your killer bee!
Your killer bee stings the killer bee!
The killer bee dies!
The killer bee stings your killer bee.
Your killer bee dies!
The killer bee attacks as you move away!
The killer bee stings you.
* * * LOW HITPOINT WARNING * * *
The killer bee misses you.
Aiming: Charm
Press: ? - help, Shift-Dir - straight line, f - killer bee
Aim: a killer bee (chance to affect: 57%)
The killer bee resists with significant effort.
The now-empty wand crumbles to dust.
The killer bee stings you.
* * * LOW HITPOINT WARNING * * *
The killer bee stings you.
* * * LOW HITPOINT WARNING * * *
You feel better. The killer bee stings you!
* * * LOW HITPOINT WARNING * * *
The killer bee completely misses you.
You feel better. The killer bee closely misses you.
The killer bee barely misses you.
You feel very mighty all of a sudden. The killer bee stings you!
* * * LOW HITPOINT WARNING * * *
The killer bee stings you!
You die...

.##...###...###......#
.#......###.#
#......###
##........#'#
#........#
#...........#
#........# .
#..........##
#........# .
.....#.....# ####....##
.. ..........## #....#
######y#
..........########....#
#......!
#........##.....@yy.#.#
#.......
###......##.#######.#.#
#...y... ###...###.#
#.#†####.......
###.#...#
..#.y..'y...... #.#.#.#
#####.##y...... #...#.#
#.##....... ###.#..
#.######### #.#... #..
..#...# ###


You could see 2 killer bees.

Vanquished Creatures
  Prince Ribbit (D:5)
  Sigmund (D:4)
  3 phantoms (D:5)
  6 wyvern zombies (Ossuary)
  2 scorpions (D:5)
  2 water moccasin zombies (Ossuary)
  2 killer bees (D:5)
  3 centaur zombies (Ossuary)
  5 bullfrog zombies (Ossuary)
  A gnoll bouda (D:5)
  3 hounds (D:5)
  Terence (D:2)
  Ijyb (D:3)
  3 iguanas (D:5)
  Natasha (D:3)
  2 killer bee zombies (Ossuary)
  14 mummies (Ossuary)
  An adder (D:2)
  A white imp (D:4)
  3 dart slugs
  2 worms
  10 orcs
  6 ball pythons
  2 endoplasms
  5 giant cockroaches
  7 goblins
  6 hobgoblins
  3 jackals (D:4)
  5 quokkas
  A bat (D:1)
  A frilled lizard (D:2)
  7 kobolds
  6 rats
117 creatures vanquished.

Vanquished Creatures (collateral kills)
  A killer bee (D:5)
1 creature vanquished.

Vanquished Creatures (others)
  A wizard (D:3)
  A killer bee (D:5)
  7 withered plants (Ossuary)
9 creatures vanquished.

Grand Total: 127 creatures vanquished

Notes
Turn   | Place    | Note
-------+----------+-------------------------------------------
     0 | D:1      | oldmanjim the Djinni Earth Elementalist began the quest for
                  | the Orb.
     0 | D:1      | oldmanjim set off with the following spells memorised:
                  | Sandblast, Passwall, Stone Arrow, Petrify.
     0 | D:1      | Reached XP level 1. HP: 15/15 MP: 0/0
   439 | D:1      | Reached skill level 1 in Fighting
   439 | D:1      | Reached XP level 2. HP: 21/22 MP: 0/0
  1056 | D:2      | Reached XP level 3. HP: 22/28 MP: 0/0
  1056 | D:2      | Learned a level 1 spell: Magic Dart
  1402 | D:2      | Noticed Terence
  1409 | D:2      | Killed Terence
  1410 | D:2      | Reached XP level 4. HP: 17/34 MP: 0/0
  2087 | D:3      | Noticed Ijyb
  2132 | D:3      | Killed Ijyb
  2133 | D:3      | Reached XP level 5. HP: 5/40 MP: 0/0
  2133 | D:3      | Learned a level 2 spell: Ensorcelled Hibernation
  2328 | D:3      | Noticed Natasha
  2334 | D:3      | Killed Natasha
  2491 | D:3      | Found an iron altar of Okawaru.
  2494 | D:3      | Noticed Natasha
  2655 | D:3      | Found a bloodstained altar of Trog.
  2658 | D:3      | Noticed a wizard
  2664 | D:3      | Killed a wizard
  3000 | D:3      | Found an iron altar of Okawaru.
  3175 | D:3      | Found a bloodstained altar of Trog.
  3711 | D:4      | Noticed Sigmund
  3715 | D:4      | Killed Sigmund
  3716 | D:4      | Reached XP level 6. HP: 27/47 MP: 0/0
  3925 | D:5      | Entered Level 5 of the Dungeon
  3990 | D:5      | Reached XP level 7. HP: 43/52 MP: 0/0
  3990 | D:5      | Learned a level 3 spell: Inner Flame
  4058 | D:5      | Noticed Prince Ribbit
  4063 | D:5      | Killed Prince Ribbit
  4149 | D:5      | Reached skill level 5 in Fighting
  4149 | D:5      | Reached XP level 8. HP: 33/59 MP: 0/0
  4253 | D:5      | Found a sand-covered staircase.
  4293 | Ossuary  | Entered an ossuary
  4382 | Ossuary  | Reached skill level 5 in Dodging
  4389 | Ossuary  | Reached skill level 5 in Spellcasting
  4928 | Ossuary  | Reached XP level 9. HP: 20/66 MP: 0/0
  4928 | Ossuary  | Learned a level 3 spell: Ignite Poison
  6038 | D:5      | HP: 2/68 [killer bee (6)]
  6041 | D:5      | Slain by a killer bee

Illustrated notes

Levels and vault maps discovered:
D:1:      minmay_arrival_stair_chambers, layout_basic
D:2:      layout_basic, st_stairs_7, uniq_terence
D:3:      layout_rooms, nicolae_overflow_hidden_temple, trog_wizard,
          minmay_misc_feat_enclosed, hangedman_glass_teeth,
          grunt_decor_resistance, uniq_natasha, uniq_ijyb
D:4:      layout_cave_pools, hangedman_decor_peaks_small,
          hangedman_decor_points, chequers_mini_garden, uniq_sigmund
D:5:      minmay_skewed_foursquare, layout_basic,
          nicolae_wu_jian_immortal_techniques, enter_ossuary_1, uniq_edmund,
          uniq_prince_ribbit1

Skill      XL: |  1  2  3  4  5  6  7  8  9 |
---------------+----------------------------+-----
Fighting       | 1 2 4 5 6 7 |  7.1
Spellcasting   | 3 4 5 6 |  6.1
Dodging        | 3 4 6 7 |  7.1
Stealth        | |  1.5

Action                   |  1- 3 |  4- 6 |  7- 9 || total
-------------------------+-------+-------+-------++-------
Melee: Sling             |       |     1 |       ||     1
 Fire: Sling             |     6 |    61 |    43 ||   110
Throw: Dart              |       |     1 |     1 ||     2
 Cast: Sandblast         |    41 |    17 |     5 ||    63
       Stone Arrow       |     2 |    29 |   116 ||   147
       Ensorcelled Hiber |       |     1 |       ||     1
       Inner Flame       |       |       |     1 ||     1
Evoke: Wand              |       |       |     3 ||     3
  Use: Scroll            |     3 |     3 |     3 ||     9
       Potion            |       |       |     3 ||     3
Armor: Robe              |     1 |     4 |     6 ||    11
Dodge: Dodged            |    12 |    20 |    43 ||    75

Table legend: (Time is in decaauts)
 A = Elapsed time spent in this place.
 B = Non-inter-level travel time spent in this place.
 C = Inter-level travel time spent in this place.
 D = Time resting spent in this place.
 E = Time spent auto-exploring this place.
 F = Levels seen in this place.
 G = Mean time per level.
                   A        B        C        D        E       F      G
               +--------+--------+--------+--------+--------+-----+--------+
         Total |   6114 |   5993 |    121 |    961 |   3797 |   6 | 1019.0 |
       Dungeon |   4679 |   4558 |    121 |     22 |   3610 |   5 |  935.8 |
       Ossuary |   1435 |   1435 |      0 |    939 |    187 |   1 | 1435.0 |
               +--------+--------+--------+--------+--------+-----+--------+

Top non-repeatable levels by time:
 Ossuary: 1435 daAuts
     D:3: 1353 daAuts
     D:2: 952 daAuts
     D:1: 944 daAuts
     D:4: 728 daAuts
     D:5: 701 daAuts
